 Dungeon Crawl Stone Soup version 0.22-a0-274-gf8199ec (webtiles) character file.

189 tidbits the Insei (level 5, 2/41 HPs)
             Began as a Gnoll Transmuter on Mar 14, 2018.
             Quit the game on level 3 of the Dungeon.
             The game lasted 00:03:13 (267 turns).

tidbits the Insei (Gnoll Transmuter)                 Turns: 267, Time: 00:03:14

Health: 2/41       AC:  2    Str: 12    XL:     5   Next: 68%
Magic:  5/12       EV: 23    Int: 16    God:
Gold:   45         SH:  0    Dex: 21    Spells: 4/14 levels left

rFire    . . .     SeeInvis .     - Unarmed
rCold    . . .     Gourm    .   (no shield)
rNeg     . . .     Faith    .   b - +0 robe
rPois    .         Spirit   .   (no helmet)
rElec    .         Reflect  .   (no cloak)
rCorr    .         Harm     .   (no gloves)
MR       .....                  (no boots)
Stlth    +++.......             (no amulet)
HPRegen  0.13/turn              V - +2 ring of evasion (curse)
MPRegen  0.13/turn              (no ring)

@: agile, lethally poisoned (2 -> -1), slowed, very slow
A: distributed training, fangs 1, strong nose
a: no special abilities


You were on level 3 of the Dungeon.
You were not hungry.

You visited 1 branch of the dungeon, and saw 3 of its levels.

You collected 45 gold pieces.

Inventory:

Hand Weapons
 g - a +0 rapier
Missiles
 a - 26 arrows
Armour
 b - a +0 robe (worn)
Jewellery
 V - a cursed +2 ring of evasion (left hand)
   (You found it on level 3 of the Dungeon)
Wands
 h - a wand of enslavement (21)
Scrolls
 c - a scroll of teleportation {unknown}
 e - a scroll of immolation {unknown}
 f - a scroll of enchant armour {unknown}
Comestibles
 d - 3 rations


   Skills:
 + Level 3.0 Fighting
 + Level 1.5 Short Blades
 + Level 1.5 Long Blades
 + Level 1.5 Axes
 + Level 1.5 Maces & Flails
 + Level 1.5 Polearms
 + Level 1.5 Staves
 + Level 1.5 Slings
 + Level 1.5 Bows
 + Level 1.5 Crossbows
 + Level 1.5 Throwing
 + Level 1.5 Armour
 + Level 4.8 Dodging
 + Level 1.5 Stealth
 + Level 1.5 Shields
 + Level 6.7 Unarmed Combat
 + Level 5.2 Spellcasting
 + Level 1.2 Conjurations
 + Level 1.2 Hexes
 + Level 1.2 Charms
 + Level 1.2 Summonings
 + Level 1.2 Necromancy
 + Level 1.2 Translocations
 + Level 4.0 Transmutations
 + Level 1.2 Fire Magic
 + Level 1.2 Ice Magic
 + Level 1.2 Air Magic
 + Level 1.2 Earth Magic
 + Level 1.2 Poison Magic
 + Level 1.7 Invocations
 + Level 1.5 Evocations


You had 4 spell levels left.
You knew the following spells:

 Your Spells              Type           Power        Failure   Level  Hunger
e - Beastly Appendage     Tmut           ###...       2%          1    None
i - Ice Form              Ice/Tmut       ##......     45%         4    ####...
k - Sticks to Snakes      Tmut           ###.....     4%          2    #......
p - Spider Form           Tmut/Pois      ##........   16%         3    ###....


Dungeon Overview and Level Annotations

Branches:
Dungeon (3/15)

Altars:

Annotations:
D:2 yiuf
D:3 Jessica


Innate Abilities, Weirdness & Mutations

Your experience applies equally to all skills.
You have very sharp teeth.
Your uncanny sense of smell can sniff out nearby items.


Message History

Your Hexes skill increases to level 1!
Your Charms skill increases to level 1!
Your Summonings skill increases to level 1!
Your Necromancy skill increases to level 1!
Your Translocations skill increases to level 1!
Your Transmutations skill increases to level 4!
Your Fire Magic skill increases to level 1!
Your Ice Magic skill increases to level 1!
Your Air Magic skill increases to level 1!
Your Earth Magic skill increases to level 1!
Your Poison Magic skill increases to level 1!
Your Invocations skill increases to level 1!
Your Evocations skill increases to level 1!
You have reached level 3!
Your experience leads to an increase in your attributes!
Increase (S)trength, (I)ntelligence, or (D)exterity?
You feel clever.
You have reached level 4!
You feel agile.
You have reached level 5!
You punch the adder! Your bite misses the adder.
The adder is severely wounded.
The adder barely misses you.
You hit the adder but do no damage.
The adder is severely wounded.
Your ball python bites the adder.
Your ball python grabs the adder.
Your ball python constricts the adder.
The adder dies!
Unknown command.
Memorise Spider Form, consuming 3 spell levels and leaving 8?
Your horns disappear.
You start memorising the spell.
You continue memorising. x3
You finish memorising.
Spell assigned to 'p'.
Casting: Sticks to Snakes (safe; 4% risk of failure)
Confirm with . or Enter, or press ? or * to list all spells.
Your feet morph into talons.
You hit the rat but do no damage.
You kill the rat!
This spell is quite dangerous to cast!
Memorise Ice Form, consuming 4 spell levels and leaving 4?
You start memorising the spell.
You continue memorising. x4
You finish memorising.
Spell assigned to 'i'.
Found a rapier.
Found a bubbling green potion.
You see here a rapier.
g - a rapier Your ball python withers and dies!
You see here 4 gold pieces.
You now have 45 gold pieces (gained 4).
Found 5 gold pieces.
A quokka comes into view.
Found 16 gold pieces.
Casting: Beastly Appendage (safe; 2% risk of failure)
Confirm with . or Enter, or press ? or * to list all spells.
You don't have enough magic to cast that spell.
Casting: Beastly Appendage (safe; 2% risk of failure)
Confirm with . or Enter, or press ? or * to list all spells.
You fail to extend your transformation any further.
You hit the quokka but do no damage. You claw the quokka.
The quokka is lightly wounded.
You punch the quokka!
You kill the quokka!
Your extra speed is starting to run out.
Found a leather armour.
A rat comes into view.
Jessica the Apprentice Sorceress comes into view.
She is wielding a club.
Wield which item (- for none, * to show all)? (? for menu, Esc to quit)
Okay, then.
Jessica shouts!
You feel yourself slow down.
You see here a bubbling green potion.
i - a bubbling green potion Your transformation is almost over.
Found 19 stones.
A kobold comes into view.
The kobold shouts!
You hear a shout!
The kobold wields a blowgun.
The kobold shoots a curare-tipped needle.
The curare-tipped needle closely misses you.
You see here a curare-tipped needle.
A frilled lizard comes into view.
A quokka comes into view.
The quokka moves out of view.
Your talons disappear.
The kobold shoots a curare-tipped needle.
The curare-tipped needle misses you.
You see here a curare-tipped needle.
The kobold shoots a curare-tipped needle.
The curare-tipped needle hits you.
You are poisoned.
You have difficulty breathing.
* * * LOW HITPOINT WARNING * * *
You feel yourself slow down.
You see here a curare-tipped needle.
* * * LOW HITPOINT WARNING * * *
You feel sick.
It was a potion of agility.
You feel agile all of a sudden.
* * * LOW HITPOINT WARNING * * *
You feel sick.
Are you sure you want to abandon this character and quit the game? (Confirm with "yes".)

#...##.....####...#.#...#
#####....######.##...###
####.(.......#........[#
#..(.##.@###.#.........#
l...K###.....##.#......$..#
...........r..........#r###
..........(.####....$.....
........##(# ##.........
....######@# #.........#
###. #.# #..r......# # ...
#..... ...# ..... ∆ .......
∆ ...####.# ###. .# ## ∆ #


You could see Jessica and a rat.

Vanquished Creatures
  Grinder (D:3)
  A leopard gecko (D:2)
  A bat (D:1)
  A goblin (D:3)
  A quokka (D:3)
  3 frilled lizards
  4 rats
12 creatures vanquished.

Vanquished Creatures (collateral kills)
  An adder (D:3)
1 creature vanquished.

Grand Total: 13 creatures vanquished

Notes
Turn   | Place    | Note
-------+----------+-------------------------------------------
     0 | D:1      | tidbits the Gnoll Transmuter began the quest for the Orb.
     0 | D:1      | Reached XP level 1. HP: 17/17 MP: 6/6
   138 | D:3      | Reached XP level 2. HP: 19/23 MP: 5/7
   142 | D:3      | Learned a level 2 spell: Sticks to Snakes
   181 | D:3      | Noticed Grinder
   198 | D:3      | HP: 2/23 [Grinder/nerve-wracking pain (1)]
   204 | D:3      | Killed Grinder
   204 | D:3      | Reached skill level 3 in Fighting
   204 | D:3      | Reached skill level 1 in Short Blades
   204 | D:3      | Reached skill level 1 in Long Blades
   204 | D:3      | Reached skill level 1 in Axes
   204 | D:3      | Reached skill level 1 in Maces & Flails
   204 | D:3      | Reached skill level 1 in Polearms
   204 | D:3      | Reached skill level 1 in Staves
   204 | D:3      | Reached skill level 1 in Slings
   204 | D:3      | Reached skill level 1 in Bows
   204 | D:3      | Reached skill level 1 in Crossbows
   204 | D:3      | Reached skill level 1 in Throwing
   204 | D:3      | Reached skill level 1 in Armour
   204 | D:3      | Reached skill level 1 in Stealth
   204 | D:3      | Reached skill level 1 in Shields
   204 | D:3      | Reached skill level 5 in Spellcasting
   204 | D:3      | Reached skill level 1 in Conjurations
   204 | D:3      | Reached skill level 1 in Hexes
   204 | D:3      | Reached skill level 1 in Charms
   204 | D:3      | Reached skill level 1 in Summonings
   204 | D:3      | Reached skill level 1 in Necromancy
   204 | D:3      | Reached skill level 1 in Translocations
   204 | D:3      | Reached skill level 4 in Transmutations
   204 | D:3      | Reached skill level 1 in Fire Magic
   204 | D:3      | Reached skill level 1 in Ice Magic
   204 | D:3      | Reached skill level 1 in Air Magic
   204 | D:3      | Reached skill level 1 in Earth Magic
   204 | D:3      | Reached skill level 1 in Poison Magic
   204 | D:3      | Reached skill level 1 in Invocations
   204 | D:3      | Reached skill level 1 in Evocations
   204 | D:3      | Reached XP level 3. HP: 3/29 MP: 1/9
   204 | D:3      | Reached XP level 4. HP: 4/35 MP: 1/11
   204 | D:3      | Reached XP level 5. HP: 5/41 MP: 1/12
   211 | D:3      | Learned a level 3 spell: Spider Form
   219 | D:3      | Learned a level 4 spell: Ice Form
   239 | D:3      | Noticed Jessica
   264 | D:3      | HP: 4/41 [asphyx]
   267 | D:3      | Quit the game

Vault maps used:
D:1:      dpeg_arrival_connections, minmay_lizard_pond
D:2:      uniq_crazy_yiuf_cottage, uniq_terence
D:3:      lemuel_doored_altar, overflow_temple_1_default,
          nicolae_overflow_hidden_temple, first_ration, uniq_jessica,
          uniq_grinder

Skill      XL: |  1  2 |
---------------+-------+-----
Fighting       | 3 |  3.0
Short Blades   | 1 |  1.5
Long Blades    | 1 |  1.5
Axes           | 1 |  1.5
Maces & Flails | 1 |  1.5
Polearms       | 1 |  1.5
Staves         | 1 |  1.5
Slings         | 1 |  1.5
Bows           | 1 |  1.5
Crossbows      | 1 |  1.5
Throwing       | 1 |  1.5
Armour         | 1 |  1.5
Stealth        | 1 |  1.5
Shields        | 1 |  1.5
Spellcasting   | 5 |  5.2
Conjurations   | 1 |  1.2
Hexes          | 1 |  1.2
Charms         | 1 |  1.2
Summonings     | 1 |  1.2
Necromancy     | 1 |  1.2
Translocations | 1 |  1.2
Transmutations | 4 |  4.0
Fire Magic     | 1 |  1.2
Ice Magic      | 1 |  1.2
Air Magic      | 1 |  1.2
Earth Magic    | 1 |  1.2
Poison Magic   | 1 |  1.2
Invocations    | 1 |  1.7
Evocations     | 1 |  1.5
Dodging        | |  4.8
Unarmed Combat | |  6.7

Action                   |  1- 3 |  4- 6 || total
-------------------------+-------+-------++-------
Melee: Unarmed           |    35 |     5 ||    40
       Bite              |     5 |       ||     5
       Headbutt          |     1 |       ||     1
       Punch             |     1 |       ||     1
       Kick              |     2 |     2 ||     4
 Cast: Beastly Appendage |     8 |     2 ||    10
       Sticks to Snakes  |     3 |       ||     3
  Use: Potion            |     1 |     1 ||     2
 Stab: Sleeping          |     1 |       ||     1
Armor: Robe              |     1 |       ||     1
Dodge: Dodged            |    14 |     3 ||    17

Table legend:
 A = Spawn XP
 B = Non-spawn XP
 C = Spawn XP percentage of total XP
 D = Spawn monster count
 E = Non-spawn monster count
 F = Spawn count percentage of total count
 G = Total turns spent on level
                    A         B        C        D         E        F      G
               +---------+---------+-------+---------+---------+-------+---------
         Total |       0 |     271 |   0.0 |       0 |      13 |   0.0 |   267
               +---------+---------+-------+---------+---------+-------+---------
           D:1 |       0 |       4 |   0.0 |       0 |       3 |   0.0 |    68
           D:2 |       0 |       5 |   0.0 |       0 |       3 |   0.0 |    67
           D:3 |       0 |     262 |   0.0 |       0 |       7 |   0.0 |   132
               +---------+---------+-------+---------+---------+-------+---------

Table legend:
 A = Turns spent in this place as a percentage of turns spent in the entire game.
 B = Non-inter-level travel turns spent in this place as a percentage of non-inter-level travel turns spent in the entire game.
 C = Inter-level travel turns spent in this place as a percentage of turns spent in this place.
 D = Turns resting spent in this place as a percentage of non-inter-level travel turns spent in this place.
 E = Turns spent auto-exploring this place as a percentage of non-inter-level travel turns spent in this place.
 F = Non-inter-level travel turns spent in this place divided by the number of levels of this place that you've seen.
                   A       B       C       D       E      F
               +-------+-------+-------+-------+-------+----------------------
         Total | 100.0 | 100.0 |   0.0 |   0.0 |   0.0 |  89.0
       Dungeon | 100.0 | 100.0 |   0.0 |   0.0 |   0.0 |  89.0
               +-------+-------+-------+-------+-------+----------------------

Table legend:
 A = Kills in this place as a percentage of kills in entire the game.
 B = Kills by you in this place as a percentage of kills by you in the entire game.
 C = Kills by friends in this place as a percentage of kills by friends in the entire game.
 D = Other kills in this place as a percentage of other kills in the entire game.
 E = Experience gained in this place as a percentage of experience gained in the entire game.
 F = Experience gained in this place divided by the number of levels of this place that you have seen.
                   A       B       C       D       E      F
               +-------+-------+-------+-------+-------+----------------------
         Total | 100.0 | 100.0 | 100.0 |   N/A | 100.0 |  90.3
       Dungeon | 100.0 | 100.0 | 100.0 |   N/A | 100.0 |  90.3
               +-------+-------+-------+-------+-------+----------------------

Vault maps used:
D:1:      dpeg_arrival_connections, minmay_lizard_pond
D:2:      uniq_crazy_yiuf_cottage, uniq_terence
D:3:      lemuel_doored_altar, overflow_temple_1_default,
          nicolae_overflow_hidden_temple, first_ration, uniq_jessica,
          uniq_grinder
